Unix NetHack Version 5.0.0-0 post-release - last build Jun 10 2026 00:39:30 (3ee93aec679c4c4259841fe613dc97188e26a321,branch:main).

Game began 2026-06-20 12:13:05, ended 2026-06-20 13:44:56.

LDaviesPeters, neutral female human Archeologist

 ----
 |..|                                              ------
 |..|        ---                ---               -.......
 |.--       --..|               |.`--            ....).....
 |.|        |...--              |...|            ..G@.......
 |.--       --....---           --..--           ............
 |..|       --......|      ----- |...|            -..--......
 -#^|       |.......--    --.|.-----.--            -------.--
  |.|       --<...*..|    |..(..-- |..---              |...|
  |.|        ----....--- --......---....--       -------.---
---.|           --.....---...............---     |.......|
|...|           --.........................-------.-------
|...-----       |.....................................
--...--.----    |...--........................---..---
 --..^.....-------..|--...^....................--.--
 --................-- |............--.............|
 |..........--------  --..--...-------.........----
 -......--..-          ----|..--   --...........|
|...--..|--..|             ----    |.^.......|..|
 -..||..| ----                     --.--.--.----
  ------                            ---------
LDaviesPeters the Field Worker  St:15 Dx:9 Co:14 In:14 Wi:16 Ch:10  Neutral
Dlvl:4  $:0  HP:0(30) Pw:16(16) AC:2  Xp:4 T:3437 

Latest messages:
 You hear a jackal howling at the moon.
 A gush of water hits the housecat on the head!
 The housecat bites the jackal.
 The jackal is killed!
 You see here a credit card.
 You swap places with your housecat.
 You swap places with your housecat.
 You miss the werejackal.
 The housecat misses the werejackal.
 The werejackal bites!
 The housecat misses the werejackal.
 What do you want to zap? [zAD-GL or ?*] ?
 In what direction? 9
 The magic missile hits the werejackal!
 The housecat misses the werejackal.
 The werejackal bites!
 The werejackal changes into a human.
 What do you want to zap? [zAD-GL or ?*] z
 In what direction? 9
 The magic missile hits the werejackal!
 The housecat bites the werejackal.
 The werejackal misses the housecat.
 The werejackal misses!
 The housecat bites the werejackal.
 The werejackal is killed!
 You fall into a pit!
 You are still in a pit.
 You are still in a pit.
 You are still in a pit.
 You are still in a pit.
 You crawl to the edge of the pit.
 You stop.  Your housecat is in the way!
 You are hit by a dagger.
 The housecat picks up a dagger.
 You are almost hit by a dagger.
 The gnome lord wields 2 daggers!
 The gnome lord thrusts one of his daggers.
 The gnome lord hits!
 You lash the gnome lord.
 The gnome lord thrusts one of his daggers.
 The gnome lord hits!
 You lash the gnome lord.
 The gnome lord thrusts one of his daggers.
 The gnome lord hits!
 You die...
 Do you want your possessions identified? [ynq] (y) y
 Do you want to see your attributes? [ynq] (y) y
 Do you want an account of creatures vanquished? [ynaq] (y) n
 Do you want to see your conduct and achievements? [ynq] (y) y
 Do you want to see the dungeon overview? [ynq] (y) n

Inventory:
 Weapons  (')')
  M - a +0 elven dagger
  a - a +2 bullwhip (weapon in right hand)
 Armor    ('[')
  c - an uncursed +0 fedora (being worn)
  q - an uncursed +5 shield of shock resistance (being worn)
  B - an uncursed +0 elven cloak (being worn)
  h - a blessed +0 leather jacket (being worn)
 Comestibles  ('%')
  i - 2 uncursed slime molds
  v - a cursed cram ration
  u - 2 uncursed eucalyptus leaves
  d - 6 uncursed food rations
  w - an uncursed pancake
  O - 2 uncursed tripe rations
 Scrolls  ('?')
  r - an uncursed scroll of teleportation
 Wands    ('/')
  A - a wand of create monster (0:10)
  E - a wand of lightning (0:3)
  D - a wand of magic missile (0:6)
  L - a wand of magic missile (0:6)
  z - a wand of magic missile (0:4)
  G - a wand of polymorph (0:6)
  F - a blessed wand of slow monster (0:7)
 Tools    ('(')
  b - an uncursed sack containing 2 items
  Q - an expensive camera (0:77)
  k - an uncursed lock pick
  l - an uncursed oil lamp (lit)
  p - a +0 pick-axe
  f - a tinning kit (0:77)
 Gems/Stones  ('*')
  t - 2 uncursed garnet stones
  g - an uncursed touchstone

Contents of the sack:
  59 gold pieces
  an uncursed scroll of scare monster

LDaviesPeters the Archeologist's attributes:

Background:
 You were a Field Worker, a level 4 female human Archeologist.
 You were neutral, on a mission for Camaxtli
 who was opposed by Quetzalcoatl (lawful) and Huhetotl (chaotic).
 You were right-handed.
 You were in the Gnomish Mines, on level 4.
 You entered the dungeon 3437 turns ago.
 You had 130 experience points, 30 more were needed to attain level 5.

Basics:
 You had 0 out of 30 hit points.
 You had all 16 energy points (spell power).
 Your armor class was 2.
 Your wallet was empty, but
 you had 59 zorkmids stashed away in your pack.
 Autopickup was off.

Final Characteristics:
 Your strength was 15 (limit:18/100).
 Your dexterity was 9 (limit:18).
 Your constitution was 14 (limit:18).
 Your intelligence was 14 (limit:18).
 Your wisdom was 16 (limit:18).
 Your charisma was 10 (limit:18).

Final Status:
 You weren't hungry.
 You were unencumbered.
 You were wielding a whip.
 You had basic skill with whip.

Final Attributes:
 You were piously aligned.
 You were shock resistant.
 Your items were protected from electric shocks.
 You had automatic searching.
 You were stealthy.
 You were warded.
 You were lucky.
 You are dead.

Miscellaneous:
 You didn't encounter any bones levels.
 Total elapsed playing time was 1 hour, 31 minutes and 50 seconds.

Major events:
 Turn
    1: LDaviesPeters the neutral female human Archeologist entered the dungeon
 1506: entered the Gnomish Mines
 1524: attained the rank of Field Worker (level 3)
 3437: killed by a gnome lord

Spells:
 Name                 Level Category     Fail Retention
 light                  1   divination    23%  76%-100%
 confuse monster        1   enchantment   23%  76%-100%
 sleep                  3   enchantment  100%  76%-100%

Skills:
 Fighting Skills
   bare handed combat [Unskilled]
   two weapon combat  [Unskilled]
   riding             [Unskilled]
 Weapon Skills
   dagger             [Unskilled]
   knife              [Unskilled]
   pick-axe           [Basic]
   short sword        [Unskilled]
   saber              [Unskilled]
   club               [Unskilled]
   quarterstaff       [Unskilled]
   sling              [Unskilled]
   dart               [Unskilled]
   boomerang          [Unskilled]
   whip               [Basic]
   unicorn horn       [Unskilled]
 Spellcasting Skills
   attack spells      [Unskilled]
   healing spells     [Unskilled]
   divination spells  [Unskilled]
   matter spells      [Unskilled]

Voluntary challenges:
 Character rerolling was not enabled.
 You never genocided any monsters.
 You never polymorphed an object.
 You never changed form.
 You used no wishes.
Achievements:
 You entered a shop.
 You entered the Gnomish Mines.
 You attained the rank of Field Worker.

 The Dungeons of Doom: levels 1 to 6
    Level 1:
    Level 2:
       A food shop, a fountain.
    Level 3:
       A wand shop, many fountains, a sink, many trees.
       Stairs down to The Gnomish Mines.
    Level 4:
       Some sinks.
    Level 5:
    Level 6:
 The Gnomish Mines:
    Level 4: <- You were here.
       Final resting place for
          you, killed by a gnome lord.


Vanquished creatures:
  2 wood nymphs
  a gnome leader
  a gnomish wizard
  2 little dogs
  2 homunculi
  2 rothes
  2 werejackals
  a hobbit
  2 cave spiders
  3 yellow molds
  7 gnomes
  a garter snake
  4 geckos
  2 jackals
  a fox
  3 sewer rats
  5 grid bugs
  6 lichens
  a kobold zombie
  5 newts
53 creatures vanquished.

No species were genocided or became extinct.

Game over:
                       ----------
                      /          \
                     /    REST    \
                    /      IN      \
                   /     PEACE      \
                  /                  \
                  |  LDaviesPeters   |
                  |      59 Au       |
                  |   killed by a    |
                  |    gnome lord    |
                  |                  |
                  |                  |
                  |       2026       |
                 *|     *  *  *      | *
        _________)/\\_//(\/(/\)/\//\/|_)_______

Goodbye LDaviesPeters the Archeologist...

You died in The Gnomish Mines on dungeon level 4 with 854 points,
and 59 pieces of gold, after 3437 moves.
You were level 4 with a maximum of 30 hit points when you died.

